 Dungeon Crawl Stone Soup version 0.21.0-3-g78d12a8bdd (webtiles) character file.

7697 vovahuhaifa the Grappler (level 11, -10/97 HPs)
             Began as a Troll Monk on Jan 16, 2018.
             Was a Believer of Wu Jian.
             Mangled by Fannar
             ... wielding an uncursed staff of cold
              (16 damage)
             ... on level 9 of the Dungeon.
             The game lasted 00:34:07 (8868 turns).

vovahuhaifa the Grappler (Troll Monk)               Turns: 8868, Time: 00:34:08

Health: -10/97     AC: 10    Str: 23 (24) XL:     11   Next: 0%
Magic:  10/10      EV: 13    Int:  4 (6)  God:    Wu Jian [**....]
Gold:   725        SH:  0    Dex: 10 (12) Spells: 10/10 levels left

rFire    . . .     SeeInvis .     - Unarmed
rCold    . . .     Gourm    +   (no shield)
rNeg     . . .     Faith    .   a - +2 robe
rPois    .         Spirit   .   (helmet restricted)
rElec    .         Reflect  .   t - +2 cloak
rCorr    .         Harm     .   (gloves unavailable)
MR       .....                  (boots unavailable)
Stlth    +.........             (no amulet)
HPRegen  0.66/turn              (no ring)
MPRegen  0.12/turn              (no ring)

@: very slightly contaminated, invisible
A: large, unfitting armour, claws 3, fast metabolism 3, gourmand, regeneration
1, shaggy fur 1, tough skin 2
a: Wall Jump, Renounce Religion


You were on level 9 of the Dungeon.
You worshipped Wu Jian.
Wu Jian was pleased with you.
You were not hungry.

You visited 2 branches of the dungeon, and saw 11 of its levels.

You collected 725 gold pieces.

Inventory:

Armour
 a - a +2 robe (worn)
 t - a +2 cloak (worn)
Wands
 c - a wand of disintegration (13)
 g - a wand of acid (9)
 m - a wand of clouds (6)
 q - a wand of random effects (60)
 v - a wand of paralysis (17)
 x - a wand of iceblast (12)
Scrolls
 e - 7 scrolls of remove curse
 h - a scroll of blinking
 i - 6 scrolls of teleportation
 j - 3 scrolls of identify
 k - 2 scrolls of fog {unknown}
 n - 3 scrolls of magic mapping {unknown}
 o - a scroll of fear {unknown}
 u - 4 scrolls of enchant armour
 y - 2 scrolls of amnesia {unknown}
 B - a scroll of acquirement {unknown}
 E - a scroll of immolation {unknown}
Potions
 d - 2 potions of brilliance {unknown}
 f - 3 potions of curing
 l - 2 potions of heal wounds {unknown}
 p - 3 potions of haste {unknown}
 r - 4 potions of mutation {unknown}
 s - 4 potions of degeneration
 z - a potion of invisibility
 C - a potion of lignification {unknown}
Books
 w - a book of Necromancy

   Spells                             Type                      Level
   a - Pain                           Necromancy                   1
   b - Animate Skeleton               Necromancy                   1
   c - Vampiric Draining              Necromancy                   3
   d - Regeneration                   Charms/Necromancy            3
   e - Animate Dead                   Necromancy                   4
   f - Borgnjor's Vile Clutch         Necromancy/Earth             5
 A - a book of Callings

   Spells                             Type                      Level
   a - Summon Small Mammal            Summoning                    1
   b - Call Imp                       Summoning                    2
   c - Call Canine Familiar           Summoning                    3
   d - Summon Guardian Golem          Hexes/Summoning              3
   e - Summon Lightning Spire         Summoning/Air                4
   f - Summon Ice Beast               Ice/Summoning                4
 D - a book of Party Tricks

   Spells                             Type                      Level
   a - Summon Butterflies             Summoning                    1
   b - Apportation                    Translocation                1
   c - Lesser Beckoning               Translocation                3
   d - Tukima's Dance                 Hexes                        3
   e - Alistair's Intoxication        Transmutation/Poison         5
   f - Invisibility                   Hexes                        6
Comestibles
 b - 16 rations


   Skills:
 * Level 3.2 Fighting
 + Level 8.6 Dodging
 - Level 1.0 Stealth
 + Level 13.5 Unarmed Combat


You had 10 spell levels left.
You didn't know any spells.

Dungeon Overview and Level Annotations

Branches:
Dungeon (10/15)            Temple (1/1) D:5            Lair (0/6) D:8
    Orc (0/2) D:9

Altars:
Ashenzari
Cheibriados
Dithmenos
Elyvilon
Fedhas
Gozag
Hepliaklqana
Kikubaaqudgha
Makhleb
Nemelex Xobeh
Okawaru
Qazlal
Ru
Sif Muna
Trog
Uskayaw
Vehumet
Wu Jian
Xom
Yredelemnul
Zin
The Shining One

Shops:
D:6 *   D:7 [

Annotations:
D:9 Fannar


Innate Abilities, Weirdness & Mutations

You are too large for most types of armour.
You have claws for hands.
Your metabolism is lightning-fast.
You like to eat raw meat.
Your natural rate of healing is unusually fast.
You are covered in fur. (AC +1)
You have very tough skin. (AC +2)


Message History

Fannar is severely wounded.
Fannar hits you but does no damage.
You catch the helpless Fannar completely off-guard!
You scratch Fannar but do no damage.
Fannar is severely wounded.
You scratch Fannar but do no damage.
Fannar is severely wounded.
Fannar closely misses you.
You barely miss Fannar.
Fannar is heavily wounded.
Fannar casts a spell.
Fannar drains the heat from the surrounding environment!
You feel very cold.
* * * LOW HITPOINT WARNING * * *
Fannar is frozen.
Fannar resists.
Fannar is severely wounded.
You feel better. Fannar hits you with a staff of cold.
* * * LOW HITPOINT WARNING * * *
Fannar freezes you!
You die...

#######....#####..#..######....##
......#..............#.........#.
......#..............#.........#.
......#..............#.........#.
#################################
...........#......#.......#......
...........#......#.......#......
...........#....e.#.......#......
...........#..>.@.#.......#......
...........#......#.......#......
####.......#......####....#......
...#.............................
...#.............................
...#.............................
...#.............................
...#.............................
...#................(............


You could see Fannar.

Vanquished Creatures
  A two-headed ogre (D:8)
  The ghost of GuyWithAPlan the Covered, a novice TeSu (D:9)
  Prince Ribbit (D:6)
  A hippogriff (D:10)
  13 yaks
  2 wyverns (D:9)
  2 hungry ghosts (D:9)
  Menkaure (D:6)
  Edmund (D:6)
  A porcupine (D:8)
  4 orc warriors
  3 ogres
  A phantom (D:8)
  7 centaurs
  6 bullfrogs
  A gnoll sergeant (D:6)
  A scorpion (D:6)
  2 water moccasin skeletons
  3 wights (D:9)
  4 howler monkeys
  4 bullfrog zombies
  The ghost of puimuR the Scratcher, a weakling FeAK of Lugonu (D:3)
  3 centaur zombies
  An orc priest (D:3)
  3 bullfrog skeletons
  A gnoll shaman (D:7)
  4 hounds
  2 jellies
  8 orc wizards
  A centaur skeleton (D:7)
  Ijyb (D:3)
  6 worker ants
  Natasha (thrice) (D:4)
  A hound skeleton (D:6)
  A worker ant zombie (D:7)
  10 gnolls
  10 adders
  A howler monkey skeleton (D:9)
  3 shadow imps
  An ooze (D:1)
  An adder skeleton (D:4)
  A worm (D:2)
  4 dart slugs
  2 leopard geckos
  40 orcs
  9 giant cockroaches
  7 goblins
  7 hobgoblins
  4 jackals (D:9)
  10 kobolds
  2 quokkas
  A ball python (D:4)
  3 bats
  A frilled lizard (D:3)
  A giant cockroach zombie (D:5)
  2 leopard gecko zombies
  7 rats
223 creatures vanquished.

Vanquished Creatures (others)
  4 toadstools (D:1)
4 creatures vanquished.

Grand Total: 227 creatures vanquished

Notes
Turn   | Place    | Note
-------+----------+-------------------------------------------
     0 | D:1      | vovahuhaifa the Troll Monk began the quest for the Orb.
     0 | D:1      | Reached XP level 1. HP: 22/22 MP: 0/0
   161 | D:1      | Reached XP level 2. HP: 29/29 MP: 1/1
   437 | D:1      | Reached XP level 3. HP: 36/36 MP: 2/2
   627 | D:2      | Reached skill level 4 in Unarmed Combat
   887 | D:2      | Reached XP level 4. HP: 40/44 MP: 3/3
  1177 | D:2      | Found a glowing silver altar of Zin.
  1308 | D:2      | Found a deep blue altar of Sif Muna.
  1351 | D:3      | Found a hazy altar of Hepliaklqana.
  1547 | D:3      | Reached skill level 5 in Unarmed Combat
  1547 | D:3      | Reached XP level 5. HP: 18/50 MP: 4/4
  1651 | D:3      | Found a bloodstained altar of Trog.
  1664 | D:3      | Found a faded altar of an unknown god.
  1669 | D:3      | Noticed puimuR's ghost (weakling FeAK)
  1678 | D:3      | Killed puimuR's ghost
  1717 | D:3      | Found a hide-covered altar of Uskayaw.
  1826 | D:3      | Found an iron altar of Okawaru.
  1826 | D:3      | Noticed Ijyb
  1836 | D:3      | Killed Ijyb
  1836 | D:3      | Reached XP level 6. HP: 26/59 MP: 5/5
  2171 | D:4      | Noticed Natasha
  2184 | D:4      | Killed Natasha
  2247 | D:4      | Reached skill level 6 in Unarmed Combat
  2579 | D:4      | Noticed Natasha
  2582 | D:4      | Killed Natasha
  2634 | D:4      | Found a stormy altar of Qazlal.
  2801 | D:4      | Reached XP level 7. HP: 61/66 MP: 6/6
  2868 | D:4      | Reached skill level 7 in Unarmed Combat
  2963 | D:4      | Found a shimmering altar of Xom.
  3037 | D:4      | Noticed Natasha
  3044 | D:4      | Killed Natasha
  3049 | D:5      | Entered Level 5 of the Dungeon
  3344 | D:5      | Found a shattered altar of Ashenzari.
  3453 | D:5      | Found a staircase to the Ecumenical Temple.
  3462 | Temple   | Entered the Ecumenical Temple
  3541 | Temple   | Became a worshipper of Gozag Ym Sagoz the Greedy
  3663 | D:5      | Reached skill level 8 in Unarmed Combat
  3866 | D:6      | Noticed Edmund
  3876 | D:6      | Killed Edmund
  3876 | D:6      | Reached skill level 5 in Dodging
  3876 | D:6      | Reached XP level 8. HP: 72/74 MP: 7/7
  3905 | D:6      | Noticed Prince Ribbit
  4275 | D:6      | Killed Prince Ribbit
  4275 | D:6      | Reached skill level 9 in Unarmed Combat
  4409 | D:6      | Found Weschin's Assorted Antiques.
  4482 | D:6      | Noticed Menkaure
  4484 | D:6      | Killed Menkaure
  4689 | D:7      | Reached skill level 10 in Unarmed Combat
  4719 | D:7      | Reached XP level 9. HP: 73/80 MP: 8/8
  4857 | D:7      | Found Lamoqie's Armour Shoppe.
  4996 | D:7      | Found an ornate altar of the Wu Jian Council.
  5000 | D:7      | Fell from the grace of Gozag
  5000 | D:7      | Became a worshipper of the Wu Jian Council
  5537 | D:8      | Reached skill level 11 in Unarmed Combat
  5737 | D:8      | Found a staircase to the Lair.
  6055 | D:8      | Reached * piety under Wu Jian
  6084 | D:8      | Found a blossoming altar of Fedhas.
  6413 | D:8      | Noticed a two-headed ogre
  6422 | D:8      | Killed a two-headed ogre
  6422 | D:8      | Reached skill level 12 in Unarmed Combat
  6422 | D:8      | Reached XP level 10. HP: 88/88 MP: 9/9
  6708 | D:9      | Found a staircase to the Orcish Mines.
  6719 | D:9      | Noticed GuyWithAPlan's ghost (novice TeSu)
  6731 | D:9      | Killed GuyWithAPlan's ghost
  6958 | D:9      | Reached skill level 13 in Unarmed Combat
  7010 | D:9      | Was forgiven by Gozag
  7556 | D:9      | Reached ** piety under Wu Jian
  8446 | D:10     | Entered Level 10 of the Dungeon
  8778 | D:10     | Noticed Fannar
  8857 | D:9      | Reached XP level 11. HP: 23/97 MP: 10/10
  8867 | D:9      | HP: 1/97 [Fannar/Ozocubu's Refrigeration (14)]
  8868 | D:9      | Mangled by Fannar

Skill      XL: |  1  2  3  4  5  6  7  8  9 10 |
---------------+-------------------------------+-----
Unarmed Combat | 4 5 6 8 10 12 13 | 13.5
Dodging        | 3 4 5 6 7 8 |  8.6
Fighting       | 3 |  3.2
Stealth        | |  1.0

Action                   |  1- 3 |  4- 6 |  7- 9 | 10-12 || total
-------------------------+-------+-------+-------+-------++-------
Melee: Unarmed           |    76 |   129 |   322 |   179 ||   706
       Punch             |     2 |     2 |     8 |    19 ||    31
Invok: Potion Petition   |       |       |     1 |       ||     1
       Lunge             |       |       |    10 |     8 ||    18
       Whirlwind         |       |       |       |    62 ||    62
       Wall Jump         |       |       |       |    24 ||    24
  Use: Potion            |       |     1 |     2 |     3 ||     6
       Scroll            |       |     5 |     3 |     2 ||    10
 Stab: Sleeping          |     1 |     4 |     2 |     3 ||    10
       Distracted        |       |       |     1 |       ||     1
       Invisible         |       |       |       |     5 ||     5
  Eat: Chunk             |    14 |    17 |    28 |    30 ||    89
       Ration            |       |       |     1 |       ||     1
Armor: Robe              |    26 |    44 |    85 |    37 ||   192
Dodge: Dodged            |    42 |    66 |   150 |    81 ||   339
